 Dungeon Crawl Stone Soup version 0.30-a0-364-gf6b3ef1049 (webtiles) character file.

Game seed: 11946106475515364365

13236 vineage the Fighter (level 12, 0/81 HPs)
             Began as a Gargoyle Fighter on Nov 14, 2022.
             Was a High Priest of Okawaru.
             Killed from afar by Azrael (22 damage)
             ... with a fireball
             ... on level 12 of the Dungeon.
             The game lasted 00:21:32 (10148 turns).

vineage the Fighter (Gargoyle Fighter)             Turns: 10148, Time: 00:21:33

Health: 0/81       AC: 32    Str: 24    XL:     12   Next: 3%
Magic:  15/16      EV:  9    Int: 13    God:    Okawaru [*****.]
Gold:   853        SH:  0    Dex: 14    Spells: 11/11 levels left

rFire   . . .      SeeInvis .    B - +5 dire flail (drain)
rCold   . . .      Faith    .    (shield currently unavailable)
rNeg    + + .      Spirit   .    I - +2 plate armour of Understanding {rN+}
rPois   ∞          Reflect  .    (no helmet)
rElec   +          Harm     .    p - +0 cloak
rCorr   .          Rampage  .    (no gloves)
Will    .....                    (no boots)
Stlth   ..........               w - amulet of regeneration
HPRegen 1.13/turn                l - +4 ring of protection
MPRegen 0.15/turn                z - +6 ring of dexterity

@: heroic
A: sickness immunity, AC +8, negative energy resistance 1, electricity
resistance, torment resistance 1, petrification resistance, clever 1
a: Renounce Religion, Heroism, Finesse, Duel


You were on level 12 of the Dungeon.
You worshipped Okawaru.
Okawaru was extremely pleased with you.
You visited 2 branches of the dungeon, and saw 13 of its levels.

You collected 853 gold pieces.

Inventory:

Hand Weapons
 a - a +1 flail of chaos
 A - a +3 morningstar
 B - a +5 dire flail of draining (weapon)
Missiles
 y - 4 throwing nets (quivered)
Armour
 p - a +0 cloak (worn)
 E - a +2 chain mail of cold resistance
 I - the +2 plate armour of Understanding (worn) {rN+}
   (Okawaru gifted it to you on level 11 of the Dungeon)

   rN:        It protects you from negative energy.
Jewellery
 c - a ring of protection from fire
 e - a ring of see invisible
 k - a ring of positive energy
 l - a +4 ring of protection (left hand)
 w - an amulet of regeneration (around neck)
 z - a +6 ring of dexterity (right hand)
 C - a ring of protection from cold
Wands
 f - a wand of quicksilver (10)
 F - a wand of roots (9)
Scrolls
 b - a scroll of enchant armour
 d - 4 scrolls of identify
 m - 4 scrolls of poison
 o - 7 scrolls of teleportation
 s - a scroll of amnesia
 t - 4 scrolls of fear
 x - a scroll of blinking
 H - a scroll of magic mapping
Potions
 g - 4 potions of heal wounds
 h - 3 potions of flight
 i - a potion of resistance
 j - a potion of degeneration
 n - 6 potions of curing
 q - 2 potions of mutation
 r - 2 potions of cancellation
 u - 5 potions of haste
 v - a potion of attraction
 D - 3 potions of magic
 G - a potion of invisibility
 J - a potion of brilliance


   Skills:
 * Level 11.9(16.9) Fighting
 * Level 10.7(15.7) Maces & Flails
 + Level 8.9(13.9) Armour
 + Level 8.8(13.8) Shields
 + Level 6.2 Invocations


You had 11 spell levels left.
You didn't know any spells.
Your spell library contained the following spells:

 Spells                   Type           Power      Damage    Failure   Level
 Beastly Appendage        Tmut           0%         N/A       95%         1
 Wereblood                Tmut           0%         N/A       98%         2
 Gell's Gravitas          Tloc           0%         N/A       100%        3
 Lesser Beckoning         Tloc           0%         N/A       100%        3
 Spider Form              Tmut/Pois      0%         N/A       100%        3
 Teleport Other           Tloc           0%         N/A       100%        3
 Dispersal                Tloc           0%         N/A       100%        6


Dungeon Overview and Level Annotations

Branches:
Dungeon (12/15)            Temple (1/1) D:5            Lair (0/5) D:11
    Orc (0/2) D:9

Altars:
Ashenzari
Cheibriados
Elyvilon
Fedhas
Gozag
Hepliaklqana
Kikubaaqudgha
Makhleb
Nemelex Xobeh
Okawaru
Qazlal
Sif Muna
Trog
Vehumet
Wu Jian
Xom
Yredelemnul
Zin
The Shining One

Shops:
D:4 =   D:5 (   D:6 (

Annotations:
D:12 Azrael


Innate Abilities, Weirdness & Mutations

You are immune to sickness and miasma.
Your stone body is resilient. (AC +8)
You are immune to poison.
You resist negative energy. (rN+)
You are resistant to electric shocks. (rElec)
You are resistant to unholy torment.
You are immune to petrification.
Your mind is acute. (Int +4, Str/Dex -1)


Message History

The fire elemental hits you.
You puncture the fire elemental!
The fire elemental is severely damaged.
The fire elemental hits you. The fire elemental burns you!
* * * LOW HITPOINT WARNING * * *
You hit the fire elemental.
The fire elemental is severely damaged.
The fire elemental hits you. The fire elemental burns you!
* * * LOW HITPOINT WARNING * * *
You barely miss the fire elemental.
The fire elemental is severely damaged.
Azrael says, "You child of a rabid dog!
Grandchild of a stinking jackal!
Great-grandchild of a plucked vulture!"
You completely miss the fire elemental.
The fire elemental is severely damaged.
The fire elemental hits you. The fire elemental burns you!
* * * LOW HITPOINT WARNING * * *
Okay, then.
You feel much better. The fire elemental hits you.
* * * LOW HITPOINT WARNING * * *
The fire elemental burns you!
* * * LOW HITPOINT WARNING * * *
You impale the fire elemental!!
You destroy the fire elemental!
Okawaru accepts your kill. The fire elemental hits you.
The fire elemental burns you!
* * * LOW HITPOINT WARNING * * *
Azrael's eyes look fiery.
The fire elemental hits you.
You barely miss the fire elemental. The fire elemental hits you.
The fire elemental burns you!
* * * LOW HITPOINT WARNING * * *
You feel much better. The fire elemental hits you.
The fire elemental burns you!
* * * LOW HITPOINT WARNING * * *
Azrael gestures at you.
The fireball explodes!
The fireball engulfs the fire elemental.
The fire elemental completely resists.
The fireball engulfs Azrael.
Azrael completely resists.
The fireball engulfs you!!
You die...

# .. #. #. ##.#
#.##...###############
#...?....RE@†........#
..##....###########.#
###○## ###.### #.#°○#
#.....# #...☼#
###.#.#.#### ........#
###..........#
.........
....#.#.#.##.#
###....... ......>...#
# ##....###
#######...# #


You could see Azrael and a fire elemental.

Vanquished Creatures
  A boulder beetle (D:11)
  A two-headed ogre (D:9)
  A cyclops (D:11)
  3 unseen horrors
  A komodo dragon (D:11)
  3 trolls
  A hornet (D:8)
  The ghost of sanka the Caller, an amateur DgSu (D:7)
  Grinder (D:5)
  A shadow (D:11)
  A wyvern (D:10)
  3 fire elementals (D:12)
  12 yaks (D:10)
  2 wraiths
  A steam dragon (D:7)
  5 vampire mosquitoes (D:11)
  3 wargs (D:9)
  An acid dragon (D:8)
  2 water moccasins
  A hell hound (D:12)
  4 orc warriors
  2 black bears
  An ice beast (D:6)
  2 ogres (D:7)
  10 centaurs
  A phantom (D:5)
  A kobold brigand (D:6)
  The ghost of DEFE the Shooter, an amateur DEHs (D:3)
  4 gnoll sergeants
  3 bullfrogs
  A necrophage (D:7)
  3 scorpions
  12 wights
  9 killer bees
  A howler monkey (D:11)
  4 orc priests
  7 hounds
  4 jellies
  4 gnoll boudas
  15 orc wizards
  4 iguanas
  38 gnolls
  8 adders
  A shadow imp (D:8)
  A white imp (D:6)
  2 ufetubi
  3 worms
  A dart slug (D:1)
  23 orcs
  9 endoplasms
  3 giant cockroaches
  5 goblins
  5 hobgoblins
  4 jackals (D:5)
  10 kobolds
  4 quokkas
  9 ball pythons
  7 bats
  2 frilled lizards (D:2)
  3 rats
276 creatures vanquished.

Vanquished Creatures (collateral kills)
  2 orcs (D:4)
2 creatures vanquished.

Vanquished Creatures (others)
  An endoplasm zombie (D:4)
  20 fungi (D:11)
  17 plants (D:11)
38 creatures vanquished.

Grand Total: 316 creatures vanquished

Notes
Turn   | Place    | Note
-------+----------+-------------------------------------------
     0 | D:1      | vineage the Gargoyle Fighter began the quest for the Orb.
     0 | D:1      | Reached XP level 1. HP: 14/14 MP: 1/1
   147 | D:1      | Reached XP level 2. HP: 19/19 MP: 2/2
   496 | D:1      | Reached XP level 3. HP: 23/24 MP: 3/3
  1000 | D:2      | Found a faded altar of an unknown god.
  1395 | D:3      | Found a runed translucent door.
  1395 | D:3      | Noticed DEFE's ghost (amateur DEHs)
  1619 | D:3      | Reached skill level 4 in Fighting
  1657 | D:3      | Reached XP level 4. HP: 29/29 MP: 4/4
  1793 | D:3      | Found a glowing golden altar of the Shining One.
  1793 | D:3      | Found a hazy altar of Hepliaklqana.
  2047 | D:3      | Gained mutation: Your mind is acute. (Int +4, Str/Dex -1)
                  | [potion of mutation]
  2059 | D:3      | Killed DEFE's ghost
  2060 | D:3      | Reached XP level 5. HP: 31/34 MP: 5/5
  2121 | D:4      | Reached XP level 6. HP: 33/40 MP: 6/6
  2283 | D:4      | Reached skill level 5 in Fighting
  2802 | D:4      | Found Ogulag's Jewellery Emporium.
  3124 | D:5      | Entered Level 5 of the Dungeon
  3124 | D:5      | Noticed Grinder
  3134 | D:5      | Paralysed by Grinder for 4 turns
  3141 | D:5      | Killed Grinder
  3142 | D:5      | Reached XP level 7. HP: 36/45 MP: 7/7
  3290 | D:5      | Reached skill level 6 in Fighting
  3290 | D:5      | Reached skill level 5 in Maces & Flails
  3434 | D:5      | Reached skill level 5 in Armour
  3438 | D:5      | Reached skill level 5 in Shields
  3491 | D:5      | Found a staircase to the Ecumenical Temple.
  3508 | Temple   | Entered the Ecumenical Temple
  3543 | Temple   | Became a worshipper of Warmaster Okawaru
  3597 | D:5      | Reached XP level 8. HP: 24/52 MP: 8/8
  3938 | D:5      | Found Wachagak's Weapon Boutique.
  4135 | D:5      | Reached * piety under Okawaru
  4141 | D:5      | Reached skill level 7 in Fighting
  5014 | D:6      | Reached XP level 9. HP: 59/59 MP: 9/9
  5057 | D:6      | Reached ** piety under Okawaru
  5152 | D:6      | Reached skill level 8 in Fighting
  5164 | D:6      | Reached skill level 1 in Invocations
  5494 | D:6      | Found Egystrua's Weapon Emporium.
  5740 | D:7      | Found a blossoming altar of Fedhas.
  5741 | D:7      | Found a bloodstained altar of Trog.
  5743 | D:7      | Found a stormy altar of Qazlal.
  5842 | D:7      | Found a snail-covered altar of Cheibriados.
  5965 | D:7      | Found a runed translucent gate.
  5965 | D:7      | Found a runed translucent gate.
  5965 | D:7      | Found a runed translucent gate.
  5966 | D:7      | Noticed sanka's ghost (amateur DgSu)
  5989 | D:7      | Reached *** piety under Okawaru
  6518 | D:7      | Killed sanka's ghost
  6519 | D:7      | Reached skill level 9 in Fighting
  6563 | D:8      | Reached XP level 10. HP: 64/66 MP: 12/12
  6704 | D:8      | Reached **** piety under Okawaru
  7404 | D:9      | Noticed a two-headed ogre
  7411 | D:9      | Killed a two-headed ogre
  7412 | D:9      | Reached skill level 10 in Fighting
  7442 | D:9      | Found a transporter.
  7550 | D:9      | Found a staircase to the Orcish Mines.
  7567 | D:9      | Reached ***** piety under Okawaru
  7942 | D:10     | Entered Level 10 of the Dungeon
  8003 | D:10     | Killed an unseen horror
  8004 | D:10     | Reached XP level 11. HP: 64/73 MP: 14/14
  8184 | D:10     | Reached skill level 5 in Invocations
  8804 | D:10     | Reached skill level 11 in Fighting
  8823 | D:10     | Reached skill level 10 in Maces & Flails
  9308 | D:11     | Noticed a boulder beetle
  9326 | D:11     | Noticed a cyclops
  9334 | D:11     | Identified the +2 plate armour of Understanding {rN+}
                  | (Okawaru gifted it to you on level 11 of the Dungeon)
  9334 | D:11     | Received a gift from Okawaru
  9344 | D:11     | Killed a boulder beetle
  9355 | D:11     | Killed a cyclops
  9552 | D:11     | Found a staircase to the Lair.
  9593 | D:11     | Found a hazy altar of Hepliaklqana.
 10109 | D:12     | Noticed Azrael
 10132 | D:12     | Reached XP level 12. HP: 45/81 MP: 13/16
 10147 | D:12     | HP: 3/81 [fire elemental[Azrael] (12)]
 10148 | D:12     | Killed from afar by Azrael

Illustrated notes

Levels and vault maps discovered:
D:1:      tarquinn_simple_flora_water_f, layout_basic
D:2:      layout_rooms, hellmonk_ecumenical_altar_inner_sanctum
D:3:      layout_basic, nicolae_overflow_hidden_temple, jmf_multi_god_temple,
          gammafunk_ghost_grave
D:4:      layout_layer_cave, serial_shops, nicolae_shop_stone
D:5:      layout_cave_pools, minmay_temple_entry_trees, serial_shops,
          kennysheep_little_box, serial_gnoll_camp, gnoll_camp_mini_house,
          gnoll_camp_mini_house, gnoll_camp_mini_loothouse,
          gnoll_camp_huts_moat, uniq_grinder
D:6:      layout_loops_ring, serial_shops, shop
D:7:      layout_basic, chei_slow_surprise, gammafunk_temple_overflow_forgotten,
          ebering_ghost_rock_garden, grunt_ministairs_5
D:8:      layout_basic, feat_on_display
D:9:      layout_roguey, minmay_orc_entry_guard_dogs, nicolae_diode_basic
D:10:     layout_basic, hangedman_decor_clover_reticule,
          wad_floor_pattern_untrapped
D:11:     layout_basic, grunt_lair_entry_orc_guard_hut, serial_bayou_pond_b,
          nicolae_wwwww, nzn_hepliaklqana_mist_gate
D:12:     layout_loops_ring, kennysheep_generic_room_10, uniq_azrael
Temple:   nicolae_temple_ecumenical_triangle

Skill      XL: |  1  2  3  4  5  6  7  8  9 10 11 |
---------------+----------------------------------+-----
Fighting       | 4 5 6 7 9 10 11 | 11.9
Maces & Flails | 3 4 5 6 8 9 10 | 10.7
Armour         | 4 5 6 7 8 |  8.9
Shields        | 4 5 6 7 8 |  8.8
Invocations    | 2 4 6 |  6.2

Action                   |  1- 3 |  4- 6 |  7- 9 | 10-12 || total
-------------------------+-------+-------+-------+-------++-------
Melee: Flail             |   124 |   124 |   259 |       ||   507
       Morningstar       |       |       |   145 |    97 ||   242
       Dire flail        |       |       |       |   306 ||   306
Invok: Heroism           |       |       |     1 |     3 ||     4
  Use: Scroll            |     7 |     8 |     6 |     6 ||    27
       Potion            |       |     2 |     1 |     2 ||     5
 Stab: Distracted        |       |     1 |       |       ||     1
Armor: Scale mail        |    63 |    99 |   322 |       ||   484
       Plate armour      |       |       |    10 |   240 ||   250
       Chain mail        |       |       |       |   181 ||   181
Dodge: Dodged            |    57 |    75 |   221 |   152 ||   505
Block: Buckler           |    24 |    43 |   125 |    44 ||   236

Table legend: (Time is in decaauts)
 A = Elapsed time spent in this place.
 B = Non-inter-level travel time spent in this place.
 C = Inter-level travel time spent in this place.
 D = Time resting spent in this place.
 E = Time spent auto-exploring this place.
 F = Levels seen in this place.
 G = Mean time per level.
                   A        B        C        D        E       F      G
               +--------+--------+--------+--------+--------+-----+--------+
         Total |  10220 |   9540 |    680 |    459 |   6892 |  13 |  786.2 |
       Dungeon |  10175 |   9513 |    662 |    459 |   6874 |  12 |  847.9 |
        Temple |     44 |     26 |     18 |      0 |     18 |   1 |   44.0 |
               +--------+--------+--------+--------+--------+-----+--------+

Top non-repeatable levels by time:
     D:5: 1729 daAuts
    D:10: 1101 daAuts
     D:4: 1038 daAuts
    D:11: 900 daAuts
     D:3: 864 daAuts
     D:7: 857 daAuts
     D:6: 855 daAuts
     D:1: 776 daAuts
     D:9: 768 daAuts
     D:8: 620 daAuts
     D:2: 516 daAuts
    D:12: 146 daAuts
  Temple: 44 daAuts
